 Dungeon Crawl Stone Soup version 0.26-a0-651-gb41185065b (webtiles) character file.

Game seed: 2346160701883019631

9464 Peloso the Blocker (level 11, -7/95 HPs)
             Began as a Minotaur Fighter on Sept 28, 2020.
             Was a High Priest of Okawaru.
             Mangled by an eight-headed hydra (9 damage)
             ... on level 11 of the Dungeon.
             The game lasted 00:21:40 (11521 turns).

Peloso the Blocker (Minotaur Fighter)              Turns: 11521, Time: 00:21:41

Health: -7/95      AC: 14    Str: 22    XL:     11   Next: 23%
Magic:  0/20       EV:  7    Int:  5    God:    Okawaru [*****.]
Gold:   662        SH: 24    Dex: 12    Spells: 10/10 levels left

rFire    + . .     SeeInvis .   b - +0 whip (flame)
rCold    . . .     Faith    .   c - +6 tower shield of New Discoveries {Rampage rPois rF+ MR+}
rNeg     . . .     Spirit   +   y - +1 chain mail {MR+}
rPois    +         Reflect  .   B - +1 hat
rElec    .         Harm     .   (no cloak)
rCorr    .         Rampage  +   C - +0 pair of gloves
MR       ++...                  (no boots)
Stlth    ..........             w - amulet of guardian spirit
HPRegen  0.25/turn              s - ring of magical power
MPRegen  0.17/turn              G - ring of flight (curse)

@: no status effects
A: retaliatory headbutt, horns 2
a: Heroism, Finesse, Renounce Religion, Evoke Flight


You were on level 11 of the Dungeon.
You worshipped Okawaru.
Okawaru was extremely pleased with you.
You visited 1 branch of the dungeon, and saw 11 of its levels.

You collected 662 gold pieces.

Inventory:

Hand Weapons
 a - a +2 long sword
 b - a +0 whip of flaming (weapon)
 u - a +0 hand crossbow
Missiles
 t - 56 bolts
Armour
 c - the +6 tower shield of New Discoveries (worn) {Rampage rPois rF+ MR+}
   (Okawaru gifted it to you on level 9 of the Dungeon)

   It protects you from fire.
   It protects you from poison.
   It affects your resistance to hostile enchantments.
   It bestows one free step when moving towards enemies.
 n - a +0 scale mail
 y - a +1 chain mail of magic resistance (worn)
 B - a +1 hat (worn)
 C - a +0 pair of gloves (worn)
 I - a +0 plate armour
Jewellery
 s - a ring of magical power (left hand)
 w - an amulet of guardian spirit (around neck)
 G - a cursed ring of flight (right hand)
 N - an uncursed ring of wizardry {unknown}
Wands
 x - a wand of disintegration (18)
Scrolls
 e - a scroll of enchant weapon {unknown}
 h - 15 scrolls of teleportation
 j - 2 scrolls of noise {unknown}
 m - 3 scrolls of immolation {unknown}
 p - 5 scrolls of fear {unknown}
 q - 4 scrolls of magic mapping {unknown}
 r - 4 scrolls of fog {unknown}
 z - 8 scrolls of remove curse
 D - a scroll of enchant armour
 F - 5 scrolls of amnesia
 H - a scroll of holy word
 M - 2 scrolls of vulnerability {unknown}
Potions
 d - 2 potions of might
 f - 2 potions of brilliance
 g - 2 potions of cancellation
 i - 8 potions of curing
 k - 2 potions of experience
 l - a potion of magic
 o - 2 potions of ambrosia
 v - 2 potions of haste
 E - a potion of berserk rage
 K - a potion of stabbing


   Skills:
 + Level 8.8 Fighting
 + Level 12.1 Long Blades
 + Level 9.0 Armour
 + Level 3.6 Dodging
 + Level 1.5 Stealth
 + Level 12.1 Shields
 + Level 1.3 Invocations


You had 10 spell levels left.
You didn't know any spells.
Your spell library contained the following spells:

 Spells                   Type           Power        Failure   Level
 Animate Skeleton         Necr           #.....       100%        1
 Apportation              Tloc           #.....       100%        1
 Corona                   Hex            #......      100%        1
 Freeze                   Ice            #...         100%        1
 Summon Small Mammal      Summ           #...         100%        1
 Frozen Ramparts          Ice            #.....       100%        3
 Ozocubu's Armour         Ice            #.......     100%        3
 Hailstorm                Conj/Ice       #.......     100%        4
 Summon Ice Beast         Ice/Summ       #.......     100%        4


Dungeon Overview and Level Annotations

Branches:
Dungeon (11/15)            Temple (0/1) D:5            Lair (0/6) D:9
    Orc (0/2) D:10

Altars:
Ashenzari
Dithmenos
Fedhas
Gozag
Hepliaklqana
Kikubaaqudgha
Makhleb
Nemelex Xobeh
Okawaru
Uskayaw
Vehumet
Wu Jian
Zin
The Shining One

Shops:
D:5 (   D:7 [   D:10 (


Innate Abilities, Weirdness & Mutations

You reflexively headbutt those who attack you in melee.
You have a pair of horns on your head.


Message History

* * * LOW HITPOINT WARNING * * *
You block the eight-headed hydra's attack.
Okay, then.
You feel much better.
You block the eight-headed hydra's attack. x3
The eight-headed hydra bites you.
* * * LOW HITPOINT WARNING * * *
The eight-headed hydra bites you but does no damage.
The eight-headed hydra bites you.
* * * LOW HITPOINT WARNING * * *
The eight-headed hydra bites you.
* * * LOW HITPOINT WARNING * * *
The eight-headed hydra bites you!
* * * LOW HITPOINT WARNING * * *
Unknown command.
You block the eight-headed hydra's attack.
The eight-headed hydra bites you.
* * * LOW HITPOINT WARNING * * *
The eight-headed hydra bites you!
You die...

###### #.... #.... #...
.... #... .... #$.# #..#
#..+ #..# ######.@# #..# .
.......D# #..# #..
#####+##...# #..# #.#
.......#...#####..######.#
.......#....†............#
.......#######'#.).......#
...............#.........#
...............#####.....##
...........D.......#.......


You could see an eight-headed hydra.

Vanquished Creatures
  Erolcha (D:9)
  Pikel (D:6)
  An ugly thing (D:11)
  A hornet (D:9)
  Prince Ribbit (D:9)
  3 hippogriffs
  Eustachio (D:5)
  3 yaks (D:10)
  2 humans (D:7)
  Grum (D:7)
  4 vampire mosquitoes
  A two-headed ogre zombie (D:10)
  5 orc warriors
  A water moccasin (D:7)
  A hornet zombie (D:8)
  A sky beast (D:7)
  5 ice beasts
  3 phantoms
  6 ogres
  2 wolves
  4 necrophages (D:8)
  5 centaurs
  A lemure (D:6)
  A big kobold (D:4)
  Blork the orc (D:6)
  2 bullfrogs
  2 wyvern zombies
  4 scorpions
  A wyvern skeleton (D:8)
  A troll zombie (D:10)
  6 wights
  6 howler monkeys (D:8)
  A bullfrog zombie (D:8)
  A centaur zombie (D:8)
  A quasit (D:9)
  2 jellies
  A centaur skeleton (D:5)
  7 orc priests
  2 hounds
  6 orc wizards
  3 bullfrog skeletons
  3 iguanas
  4 worker ants
  6 ogre zombies (D:10)
  3 hound skeletons
  A worker ant zombie (D:5)
  9 adders
  2 shadow imps
  4 white imps
  5 ufetubi
  An adder zombie (D:10)
  3 adder skeletons
  2 worms
  5 dart slugs
  2 leopard geckos
  27 orcs
  A ball python (D:3)
  6 bats
  6 giant cockroaches
  12 goblins
  3 hobgoblins
  15 jackals
  6 kobolds
  5 quokkas
  A ball python skeleton (D:4)
  4 frilled lizards
  A goblin skeleton (D:10)
  A hobgoblin skeleton (D:10)
  2 hobgoblin zombies (D:10)
  2 jackal skeletons (D:4)
  A leopard gecko zombie (D:6)
  4 orc skeletons (D:10)
  17 orc zombies (D:10)
  2 quokka skeletons (D:4)
  9 rats
277 creatures vanquished.

Vanquished Creatures (others)
  2 bushes (D:8)
  19 plants
21 creatures vanquished.

Grand Total: 298 creatures vanquished

Notes
Turn   | Place    | Note
-------+----------+-------------------------------------------
     0 | D:1      | Peloso the Minotaur Fighter began the quest for the Orb.
     0 | D:1      | Reached XP level 1. HP: 19/19 MP: 0/0
    31 | D:1      | Reached XP level 2. HP: 17/27 MP: 1/1
   372 | D:1      | Reached XP level 3. HP: 33/33 MP: 2/2
   920 | D:2      | Found an iron altar of Okawaru.
   927 | D:2      | Became a worshipper of Warmaster Okawaru
  1034 | D:2      | Found a glowing silver altar of Zin.
  1310 | D:2      | Found a glowing golden altar of the Shining One.
  1378 | D:2      | Reached XP level 4. HP: 40/40 MP: 3/3
  1556 | D:3      | Found a hide-covered altar of Uskayaw.
  1558 | D:3      | Found a burning altar of Makhleb.
  2480 | D:3      | Reached skill level 1 in Dodging
  2480 | D:3      | Reached XP level 5. HP: 26/46 MP: 4/4
  3074 | D:4      | Reached skill level 5 in Shields
  3085 | D:3      | Reached skill level 5 in Long Blades
  3085 | D:3      | Reached XP level 6. HP: 21/53 MP: 5/5
  3591 | D:4      | Reached * piety under Okawaru
  3591 | D:4      | Reached skill level 5 in Armour
  3620 | D:4      | Reached skill level 5 in Fighting
  3832 | D:4      | Reached XP level 7. HP: 61/61 MP: 6/6
  3916 | D:4      | Reached skill level 1 in Stealth
  3992 | D:4      | Found an ancient bone altar of Kikubaaqudgha.
  4029 | D:4      | Found a radiant altar of Vehumet.
  4068 | D:4      | Found a hazy altar of Hepliaklqana.
  4156 | D:4      | Found an ornate altar of the Wu Jian Council.
  4311 | D:5      | Entered Level 5 of the Dungeon
  4454 | D:5      | Reached ** piety under Okawaru
  4494 | D:5      | Found Wuopadom's Antique Weapon Shop.
  4552 | D:5      | Noticed Eustachio
  4573 | D:5      | Killed Eustachio
  4573 | D:5      | Reached XP level 8. HP: 46/70 MP: 7/7
  4867 | D:5      | Found a staircase to the Ecumenical Temple.
  5593 | D:6      | Noticed Blork the orc
  5603 | D:6      | Killed Blork the orc
  5670 | D:6      | Reached *** piety under Okawaru
  5969 | D:6      | Noticed Pikel
  6004 | D:6      | Killed Pikel
  6071 | D:6      | Reached XP level 9. HP: 74/77 MP: 8/8
  6242 | D:6      | Reached **** piety under Okawaru
  6551 | D:7      | Found an iron altar of Okawaru.
  6657 | D:7      | Found Xivinun's Antique Armour Boutique.
  6805 | D:7      | Found a shadowy altar of Dithmenos.
  6972 | D:7      | Found an opulent altar of Gozag.
  7053 | D:7      | Reached skill level 10 in Long Blades
  7273 | D:8      | Noticed Grum
  7294 | D:7      | Killed Grum
  7712 | D:8      | Reached XP level 10. HP: 80/86 MP: 9/9
  7985 | D:8      | Reached skill level 10 in Shields
  8242 | D:8      | Found a blossoming altar of Fedhas.
  8271 | D:8      | Reached ***** piety under Okawaru
  8674 | D:9      | Noticed Prince Ribbit
  8685 | D:9      | Killed Prince Ribbit
  8822 | D:9      | Found a staircase to the Lair.
  9025 | D:9      | Received a gift from Okawaru
  9035 | D:9      | Got a dazzling tower shield {god gift}
  9041 | D:9      | Identified the +6 tower shield of New Discoveries {Rampage
                  | rPois rF+ MR+} (Okawaru gifted it to you on level 9 of the
                  | Dungeon)
  9121 | D:9      | Found the cursed +14 obsidian axe {vorpal, +Fly SInv
                  | *Curse}
  9121 | D:9      | Found a broken altar of Ashenzari.
  9174 | D:9      | Reached skill level 1 in Invocations
  9362 | D:9      | Noticed Erolcha
  9372 | D:9      | Killed Erolcha
  9872 | D:9      | Found a sparkling altar of Nemelex Xobeh.
 10087 | D:10     | Entered Level 10 of the Dungeon
 10096 | D:10     | Found Zues's Weapon Shop.
 10385 | D:10     | Reached XP level 11. HP: 95/95 MP: 10/10
 10588 | D:10     | Found a staircase to the Orcish Mines.
 11389 | D:11     | Noticed a brown ugly thing
 11419 | D:11     | Killed a brown ugly thing
 11494 | D:11     | Noticed an eight-headed hydra
 11521 | D:11     | HP: 2/95 [eight-headed hydra (4)]
 11521 | D:11     | Mangled by an eight-headed hydra

Illustrated notes

Levels and vault maps discovered:
D:1:      heliophobic_arrival_henge, layout_basic, minmay_heptomino_h4
D:2:      cheibrodos_old_hovel, layout_basic, old_standard_altar,
          lemuel_doored_altar, tso_oasis_becter
D:3:      layout_loops_corners, overflow_temple_1_default,
          overflow_temple_1_default
D:4:      layout_cave_pools, marbit_many_paths, kennysheep_little_box,
          kennysheep_mini_moat, kennysheep_mini,
          minmay_fractal_squares_gapless_5
D:5:      layout_loops_corners, temple_doors_e, serial_shops,
          nicolae_shop_trees, uniq_eustachio
D:6:      layout_cave_pools, minmay_misc_feat_iff, serial_bayou_pond_d,
          uniq_blork_the_orc, uniq_pikel
D:7:      layout_basic, nicolae_gozag_seed_capital, overflow_temple_1_default,
          serial_shops, shop, okawaru_humans
D:8:      wad_river_or_something, layout_basic, fedhas_altar_decomposition,
          uniq_grum
D:9:      layout_layer_cave, lemuel_coloured_pillars_altar, lair_entry_dummy,
          evilmike_ruin_ashenzari, uniq_prince_ribbit1, uniq_erolcha
D:10:     layout_long_grid, zombieorc2_lemuel, serial_shops, shop
D:11:     layout_irregular_city, basic_altar, uniq_fannar, uniq_erica,
          uniq_nergalle, uniq_sonja

Skill      XL: |  1  2  3  4  5  6  7  8  9 10 11 |
---------------+----------------------------------+-----
Shields        | 4 5 6 8 9 11 12 | 12.1
Armour         | 4 5 7 8 9 |  9.0
Long Blades    | 3 4 5 6 8 10 11 12 | 12.1
Fighting       | 4 5 6 7 8 |  8.8
Dodging        | 1 2 3 |  3.6
Stealth        | 1 |  1.5
Invocations    | 1 |  1.3

Action                   |  1- 3 |  4- 6 |  7- 9 | 10-12 || total
-------------------------+-------+-------+-------+-------++-------
Melee: Long sword        |    98 |    87 |   141 |   411 ||   737
       Headbutt          |    13 |    36 |    98 |   114 ||   261
       Falchion          |       |    51 |   249 |       ||   300
       Whip              |       |       |       |     9 ||     9
Invok: Heroism           |       |       |     4 |     6 ||    10
  Use: Scroll            |       |       |    11 |     6 ||    17
       Potion            |       |       |       |     2 ||     2
Armor: Scale mail        |    61 |    10 |       |       ||    71
       Chain mail        |       |    65 |    83 |    63 ||   211
       Plate armour      |       |       |    51 |    51 ||   102
Dodge: Dodged            |    31 |    29 |    53 |    49 ||   162
Block: Kite shield       |    52 |    78 |    49 |       ||   179
       Tower shield      |       |       |   236 |   384 ||   620
       Rpst.: Long sword |     5 |    11 |     5 |     9 ||    30
       Falchion          |       |     3 |    12 |       ||    15

Table legend: (Time is in decaauts)
 A = Elapsed time spent in this place.
 B = Non-inter-level travel time spent in this place.
 C = Inter-level travel time spent in this place.
 D = Time resting spent in this place.
 E = Time spent auto-exploring this place.
 F = Levels seen in this place.
 G = Mean time per level.
                   A        B        C        D        E       F      G
               +--------+--------+--------+--------+--------+-----+--------+
         Total |  11559 |  11288 |    271 |   1268 |   7455 |  11 | 1050.8 |
       Dungeon |  11559 |  11288 |    271 |   1268 |   7455 |  11 | 1050.8 |
               +--------+--------+--------+--------+--------+-----+--------+

Top non-repeatable levels by time:
     D:3: 1836 daAuts
     D:9: 1469 daAuts
     D:5: 1242 daAuts
    D:10: 1156 daAuts
     D:8: 1114 daAuts
     D:7: 1075 daAuts
     D:4: 972 daAuts
     D:6: 872 daAuts
     D:2: 802 daAuts
     D:1: 762 daAuts
    D:11: 254 daAuts
